 Dungeon Crawl Stone Soup version 0.23.2-40-g277498a001 (webtiles) character file.

Game seed: 17402256703929662728

182 Martska the Ducker (level 5, -3/39 HPs)
             Began as a Merfolk Ice Elementalist on Sept 30, 2019.
             Killed by divine providence
             ... invoked by an orc priest
              (10 damage)
             ... on level 3 of the Dungeon.
             The game lasted 00:34:05 (5772 turns).

Martska the Ducker (Merfolk Ice Elementalist)       Turns: 5772, Time: 00:34:05

Health: -3/39      AC:  3    Str:  8    XL:     5   Next: 62%
Magic:  8/8        EV: 14    Int: 14    God:
Gold:   135        SH:  0    Dex: 16    Spells: 3/9 levels left

rFire    . . .     SeeInvis .   i - +0 whip
rCold    . . .     Gourm    .   (no shield)
rNeg     . . .     Faith    .   n - +0 leather armour
rPois    +         Spirit   .   (no helmet)
rElec    .         Reflect  .   (no cloak)
rCorr    .         Harm     .   (no gloves)
MR       .....                  (no boots)
Stlth    ++........             (no amulet)
HPRegen  0.13/turn              o - ring of wizardry
MPRegen  0.11/turn              t - ring of poison resistance

@: no status effects
A: change form in water, swift swim, stealthy swim
a: no special abilities


You were on level 3 of the Dungeon.
You were very hungry.

You visited 1 branch of the dungeon, and saw 3 of its levels.

You collected 135 gold pieces.

Inventory:

Hand Weapons
 d - a +0 club
 e - a +0 dagger
 g - a +0 club
 i - a +0 whip (weapon)
 m - a +0 club
 p - a +0 short sword
Missiles
 b - 91 arrows
Armour
 a - a +0 robe
 n - a +0 leather armour (worn)
Jewellery
 o - a ring of wizardry (left hand)
 q - a +3 ring of intelligence {unknown}
 t - a ring of poison resistance (right hand)
Scrolls
 h - a scroll of fog {unknown}
 k - 2 scrolls of identify {unknown}
 r - 3 scrolls of teleportation {unknown}
 s - a scroll of fear {unknown}
Potions
 c - a potion of flight {unknown}
 f - 4 potions of curing {unknown}
 j - 2 potions of degeneration {unknown}
 l - a potion of magic {unknown}
 u - a potion of heal wounds


   Skills:
 * Level 2.6 Fighting
 * Level 4.5 Dodging
 + Level 3.1 Stealth
 + Level 2.5 Spellcasting
 + Level 1.3 Conjurations
 + Level 3.9 Ice Magic


You had 3 spell levels left.
You knew the following spells:

 Your Spells              Type           Power        Failure   Level  Hunger
a - Freeze                Ice            ##..         2%          1    #......
b - Throw Frost           Conj/Ice       #.....       7%          2    ###....
c - Ozocubu's Armour      Chrm/Ice       #.......     17%         3    ###....

Your spell library contained the following spells:

 Spells                   Type           Power        Failure   Level  Hunger
 Throw Icicle             Conj/Ice       #.......     38%         4    #####..
 Summon Ice Beast         Ice/Summ       #.......     47%         4    #####..


Dungeon Overview and Level Annotations

Branches:
Dungeon (3/15)

Altars:
Wu Jian

Annotations:
D:1 Leekoo's ghost, amateur MfAK


Message History

The orc priest hits you with a +0 falchion.
You barely miss the orc priest.
The orc priest is lightly wounded.
The orc barely misses you. The orc priest closely misses you.
You hit the orc priest.
The orc priest is moderately wounded.
The orc hits you with a +0 mace. The orc priest misses you.
You closely miss the orc priest.
The orc priest is moderately wounded.
The orc priest miscasts a cantrip.
The orc priest hits you with a +0 falchion.
The orc hits you with a +0 mace.
The orc priest casts a cantrip, but nothing happens.
The rat twitches its whiskers.
The orc priest calls down the wrath of Beogh upon you.
Beogh smites you!
* * * LOW HITPOINT WARNING * * *
The orc priest mumbles some strange prayers to Beogh against you.
Beogh smites you!
You die...

..#######.. .# #### #.# .# #.# .#
#.# #.# #รท# ########## #.# #.#
##........## #.# #.#
###...####...####.#.# #.#
........or.oo...@...# #####.#
$##...####...####.#########......
. ##.## ##.## #........(..###.# .
#.# #.#####..########## #.# . ..#
#..........# #.# # .###
##########.# #.# .. ... ..# ##
### ###


You could see an orc priest, an orc and a rat.

Vanquished Creatures
  Terence (D:1)
  Robin (D:2)
  2 adders (D:3)
  A river rat (D:3)
  2 worms (D:2)
  3 dart slugs
  11 orcs
  A ball python (D:2)
  4 giant cockroaches
  15 goblins
  16 hobgoblins
  2 jackals (D:1)
  3 quokkas (D:3)
  9 bats
  5 frilled lizards
  8 kobolds
  9 rats
93 creatures vanquished.

Notes
Turn   | Place    | Note
-------+----------+-------------------------------------------
     0 | D:1      | Martska the Merfolk Ice Elementalist began the quest for
                  | the Orb.
     0 | D:1      | Reached XP level 1. HP: 13/13 MP: 3/3
   283 | D:1      | Reached XP level 2. HP: 20/20 MP: 1/5
   293 | D:1      | Reached skill level 3 in Dodging
   632 | D:1      | Reached skill level 1 in Fighting
  1119 | D:1      | Reached XP level 3. HP: 15/26 MP: 0/6
  1519 | D:2      | Noticed Terence
  1523 | D:2      | Learned a level 2 spell: Throw Frost
  1618 | D:1      | Killed Terence
  1618 | D:1      | Reached XP level 4. HP: 14/33 MP: 0/7
  2325 | D:2      | Reached skill level 1 in Conjurations
  2585 | D:2      | Reached skill level 4 in Dodging
  2728 | D:2      | Noticed Robin
  3486 | D:2      | Killed Robin
  3486 | D:2      | Reached XP level 5. HP: 38/38 MP: 1/8
  3926 | D:3      | Found a runed translucent door.
  3986 | D:3      | Found an ornate altar of the Wu Jian Council.
  4083 | D:2      | Learned a level 3 spell: Ozocubu's Armour
  4560 | D:3      | Noticed Leekoo's ghost (amateur MfAK)
  5668 | D:3      | Found a runed translucent door.
  5772 | D:3      | Killed from afar by an orc priest

Skill      XL: |  1  2  3  4  5 |
---------------+----------------+-----
Dodging        | 3 4 |  4.5
Fighting       | 1 2 |  2.6
Conjurations   | 1 |  1.3
Stealth        | 3 |  3.1
Spellcasting   | |  2.5
Ice Magic      | |  3.9

Action                   |  1- 3 |  4- 6 || total
-------------------------+-------+-------++-------
Melee: Club              |    41 |       ||    41
       Unarmed           |     8 |     4 ||    12
       Whip              |    45 |   145 ||   190
       Tailslap          |       |     2 ||     2
 Cast: Freeze            |    37 |    42 ||    79
       Throw Frost       |     1 |    48 ||    49
       Ozocubu's Armour  |       |     2 ||     2
 Stab: Sleeping          |     1 |     2 ||     3
       Distracted        |       |     1 ||     1
  Eat: Chunk             |     3 |     4 ||     7
       Ration            |     3 |     1 ||     4
Armor: Robe              |    37 |       ||    37
       Leather armour    |     6 |    44 ||    50
       Skin              |     1 |     2 ||     3
Dodge: Dodged            |   165 |   183 ||   348
